 Dungeon Crawl Stone Soup version 0.31-a0-557-g6e16503903 (webtiles) character file.

Game seed: 11960703802349733806

81 javelincjr the Trooper (level 4, 0/35 HPs)
             Began as a Demonspawn Fighter on Aug 16, 2023.
             Slain by an orc wizard
             ... wielding a +0 dagger
              (4 damage)
             ... on level 3 of the Dungeon.
             The game lasted 00:03:19 (1561 turns).

javelincjr the Trooper (Demonspawn Fighter)         Turns: 1561, Time: 00:03:20

Health: 0/35       AC:  8    Str: 18    XL:     4   Next: 20%
Magic:  4/4        EV:  9    Int: 10    God:
Gold:   64         SH:  4    Dex: 12    Spells: 3/3 levels left

rFire   . . .        a - +0 trident
rCold   . . .        c - +0 buckler
rNeg    . . .        b - +0 scale mail
rPois   .            (no helmet)
rElec   .            (no cloak)
rCorr   .            (no gloves)
SInv    .            (no boots)
Will    .....        (no amulet) Stlth
                     (no ring)
HPRegen 0.25/turn    (no ring)
MPRegen 0.09/turn

%: no passive effects
@: no status effects
A: hooves 1, yellow scales 1
a: no special abilities


You were on level 3 of the Dungeon.
You visited 1 branch of the dungeon, and saw 3 of its levels.

You collected 64 gold pieces.

Inventory:

Hand Weapons
 a - a +0 trident (weapon)
Armour
 b - a +0 scale mail (worn)
 c - a +0 buckler (worn)
 n - a +1 ring mail of cold resistance
Scrolls
 e - 2 scrolls of revelation {unknown}
 f - a scroll of immolation
 g - a scroll of vulnerability {unknown}
 i - a scroll of summoning {unknown}
 l - a scroll of enchant weapon {unknown}
Potions
 d - a potion of might
 h - a potion of haste {unknown}
 j - 2 potions of mutation {unknown}
 k - a potion of heal wounds {unknown}
 m - 2 potions of lignification {unknown}


   Skills:
 + Level 3.5 Fighting
 + Level 2.4 Polearms
 + Level 3.2 Armour
 + Level 0.7 Dodging
 + Level 3.2 Shields


You had 3 spell levels left.
You didn't know any spells.
Your spell library contained the following spells:

 Spells                   Type           Power      Damage    Failure   Level
 Kiss of Death            Conj/Necr      0%         2d5       83%         1
 Sublimation of Blood     Necr           0%         N/A       92%         2
 Wereblood                Tmut           0%         N/A       92%         2
 Confusing Touch          Hex            0%         N/A       99%         3
 Dispel Undead            Necr           0%         3d6       100%        4
 Summon Hydra             Summ           0%         N/A       100%        7


Dungeon Overview and Level Annotations

Branches:
Dungeon (3/15)

Altars:

Annotations:
D:3 2 runed translucent doors


Innate Abilities, Weirdness & Mutations

You have large cloven feet.
You are partially covered in yellow scales. (AC +2)


Message History

The orc hits you with a +0 trident.
You hit the orc but do no damage. Something hits you but does no damage.
The orc barely misses you. Something hits you but does no damage.
The orc hits you with a +0 trident.
You barely miss the orc. You kick the orc.
The orc is heavily wounded.
Something hits you but does no damage. The orc hits you with a +0 trident.
You closely miss the orc. You kick the orc, but do no damage.
The orc is heavily wounded.
You hear some strange, mumbled words.
A puff of flame appears from out of thin air!
The puff of flame hits you! The orc completely misses you.
You hit the orc but do no damage. You kick the orc.
You kill the orc!
Something hits you but does no damage.
You miss something.
Something hits you but does no damage. x2
You miss something. Something hits you.
You closely miss something. Something hits you but does no damage.
You miss something. Your kick misses something. You block something's attack.
You barely miss something. Something hits you but does no damage.
You miss something.
An orc wizard appears from thin air!
Reactivating autopickup.
The orc wizard hits you with a +0 dagger.
* * * LOW HITPOINT WARNING * * *
The orc wizard hits you with a +0 dagger.
* * * LOW HITPOINT WARNING * * *
You barely miss the orc wizard.
The orc wizard hits you with a +0 dagger.
* * * LOW HITPOINT WARNING * * *
You hit the orc wizard but do no damage.
Your kick misses the orc wizard.
The orc wizard hits you but does no damage.
You barely miss the orc wizard. The orc wizard casts a spell at you.
The magic dart hits you.
* * * LOW HITPOINT WARNING * * *
You puncture the orc wizard! You kick the orc wizard.
The orc wizard is severely wounded.
The orc wizard hits you with a +0 dagger.
You die...

...# ...### #..
.#...#. #..
#....... #..
#.....# #.#
#..... ##.#
#..8+8
#.o###..#.#####
.. #..@)...#..+..
.# #.###...#..+
#.# #. #...#.##
#.# #. #.#.8+8#
#.# #. #.#....#
##.# #.
#......######...
#.
#..#.............
#.
#.##.......###.#.
#....#..#### #...


You could see an orc wizard.

Vanquished Creatures
  3 adders (D:2)
  A worm (D:2)
  An orc (D:3)
  A bat (D:2)
  6 endoplasms
  3 giant cockroaches
  3 goblins
  6 hobgoblins
  4 jackals
  4 kobolds (D:2)
  2 quokkas
  7 ball pythons
  2 frilled lizards
  A rat (D:1)
44 creatures vanquished.

Notes
Turn   | Place    | Note
-------+----------+-------------------------------------------
     0 | D:1      | javelincjr the Demonspawn Fighter began the quest for the
                  | Orb.
     0 | D:1      | Reached XP level 1. HP: 18/18 MP: 1/1
   156 | D:1      | Gained mutation: You are partially covered in yellow
                  | scales. (AC +2) [demonic ancestry]
   156 | D:1      | Reached XP level 2. HP: 24/24 MP: 2/2
   164 | D:1      | Found a faded altar of an unknown god.
   699 | D:2      | Reached XP level 3. HP: 29/29 MP: 3/3
  1158 | D:2      | Gained mutation: You have large cloven feet. [demonic
                  | ancestry]
  1158 | D:2      | Reached XP level 4. HP: 35/35 MP: 4/4
  1529 | D:3      | Found a large runed translucent door.
  1530 | D:3      | Found a large runed translucent door.
  1561 | D:3      | Slain by an orc wizard

Illustrated notes

Levels and vault maps discovered:
D:1:      amcnicky_arrival_single_pillar, layout_loops_ring,
          hellmonk_ecumenical_altar_blasted
D:2:      layout_loops_ring, minmay_tripent
D:3:      layout_rooms, mainiacjoe_overflow_alcove_2, jmf_multi_god_temple2,
          grunt_temple_overflow_open

Skill      XL: |  1  2 |
---------------+-------+-----
Polearms       | 2 |  2.4
Armour         | 3 |  3.2
Shields        | 3 |  3.2
Fighting       | |  3.5
Dodging        | |  0.7

Action                     |  1- 3 |  4- 6 || total
---------------------------+-------+-------++-------
  Melee: Trident           |   124 |    27 ||   151
         Kick              |       |     7 ||     7
 Armour: Scale mail        |    38 |    19 ||    57
  Dodge: Dodged            |    37 |     5 ||    42
  Block: Buckler           |    25 |     6 ||    31

Table legend: (Time is in decaauts)
 A = Elapsed time spent in this place.
 B = Non-inter-level travel time spent in this place.
 C = Inter-level travel time spent in this place.
 D = Time resting spent in this place.
 E = Time spent auto-exploring this place.
 F = Levels seen in this place.
 G = Mean time per level.
                   A        B        C        D        E       F      G
               +--------+--------+--------+--------+--------+-----+--------+
         Total |   1595 |   1507 |     88 |      0 |   1177 |   3 |  531.7 |
       Dungeon |   1595 |   1507 |     88 |      0 |   1177 |   3 |  531.7 |
               +--------+--------+--------+--------+--------+-----+--------+

Top non-repeatable levels by time:
     D:2: 862 daAuts
     D:1: 676 daAuts
     D:3: 56 daAuts
